[Event "Late-Titled-Tuesday-Blitz-April-23-2024"]
[Site "Chess.com"]
[Date "2024.04.23"]
[Round "4"]
[White "rdarruda"]
[Black "Zhigalko_Sergei"]
[Result "0-1"]
[WhiteElo "2538"]
[BlackElo "2901"]
[TimeControl "180+1"]
[EndTime "14:40:46 PDT"]
[Termination "Zhigalko_Sergei won on time"]

1. d4 Nf6 2. Nf3 e6 3. c4 b6 4. Nc3 Bb4 5. Bd2 Bb7 6. g3 O-O 7. Bg2 d6 8. O-O Nbd7 9. a3 Bxc3 10. Bxc3 h6 11. b4 a6 12. e3 b5 13. c5 Qb8 14.
Nd2 Bxg2 15. Kxg2 Qb7+ 16. Qf3 Nd5 17. Bb2 f5 18. Kg1 N7f6 19. Qe2 a5 20. bxa5 Rxa5 21. f3 b4 22. e4 Nc3 23. Bxc3 bxc3 24. Nc4 Ra4 25.
exf5 exf5 26. Rfc1 Qd5 27. Ne3 Qxd4 28. cxd6 Re8 29.
dxc7 Rxe3 30. c8=Q+ Re8+ 31. Kh1 Rxc8 32. Qe6+ Kh7 33.
Qxc8 Rc4 34. Qxf5+ Kh8 35. Rd1 Qb6 36. Rac1 Qc7 37.
Rd3 Ng8 38. Rc2 Qb7 39. Kg2 Qb1 40. Rf2 c2 41. Rd8 c1=Q 0-1

[Event "Late-Titled-Tuesday-Blitz-April-23-2024"]
[Site "Chess.com"]
[Date "2024.04.23"]
[Round "4"]
[White "olakenn"]
[Black "mortngabriel"]
[Result "0-1"]
[WhiteElo "1923"]
[BlackElo "2445"]
[TimeControl "180+1"]
[EndTime "14:40:46 PDT"]
[Termination "mortngabriel won by resignation"]

1. e4 c5 2. Nc3 Nc6 3. g3 g6 4. Bg2 Bg7 5. d3 d6 6. Be3 Rb8 7. Qd2 b5 8. Nge2 b4 9. Nd1 Nd4 10. c3 Nxe2 11. Qxe2 bxc3 12. bxc3 Nf6 13. h3 O-O 14. Qd2 Ba6 15. Rc1 Qa5 16. O-O Nd7 17. f4 Qa3 18. Nf2 Rb2 19. Rc2 Rxc2 20. Qxc2 Bxc3 21. f5 Ne5 22. Rb1 Bd4 23. Bxd4 cxd4 24. Rb3 Qc5 25. Qxc5 dxc5 26. Ra3 Bb5 27. Rxa7 Nxd3 28. Nxd3 Bxd3 29. Rxe7 c4 30. Bf1 Bxf1 31. Kxf1 Rc8 32. Ke2 Ra8 33. Kf3 Rxa2 34. Rc7 c3 35. f6 h6 36. Rc8+ Kh7 37. Rc4 Ra7 38. Ke2 Rd7 39. Kd3 g5 40. e5 Kg6 41. Rxd4 Rxd4+ 42. Kxd4 c2 0-1

[Event "Late-Titled-Tuesday-Blitz-April-23-2024"]
[Site "Chess.com"]
[Date "2024.04.23"]
[Round "4"]
[White "cristiano78"]
[Black "dianamirza"]
[Result "0-1"]
[WhiteElo "2246"]
[BlackElo "2031"]
[TimeControl "180+1"]
[EndTime "14:40:47 PDT"]
[Termination "dianamirza won by resignation"]

1. d4 Nf6 2. c4 c5 3. d5 b5 4.
cxb5 a6 5. bxa6 g6 6. Nc3 Bxa6 7. Nf3 Bg7 8. g3 d6 9. Bg2 O-O 10. Rb1 Nbd7 11. O-O Nb6 12. b3 Qc7 13. Bb2 Rfb8 14. h3 Bb7 15. e4 Nfd7 16. Nb5 Qd8 17. Bxg7 Kxg7 18. a4 Ba6 19. Re1 Bxb5 20. axb5 Ne5 21. Nxe5 dxe5 22. f4 Nd7 23. Qd3 Qa5 24. Rec1 Qxb5 25.
Qc3 Qb4 26. fxe5 Qxc3 27. Rxc3 Ra3 28. e6 fxe6 29. dxe6 Nf8 30. Rxc5 Raxb3 31. Rxb3 Rxb3 32. Rc7 Kf6 33. Rc8 Nxe6 34. Rh8 Kg7 35. Re8 Kf7 36.
Rc8 Rxg3 37. Kh2 Re3 38. Rc4 Nf4 39. e5 Nxg2 40. Kxg2 Rxe5 41. Rf4+ Rf5 42. Ra4 Kf6 43. Ra8 h5 44. Rf8+ Kg5 45. Re8 e5 46. Re6 h4 47.
Kg1 Kh5 48. Kg2 Rg5+ 49. Kf2 Rf5+ 50. Ke3 g5 51. Ke4 Rf1 52. Rxe5 Re1+ 53. Kf5 Rxe5+ 54. Kxe5 g4 55. hxg4+ Kxg4 56. Ke4 Kg3 57. Ke3 h3 0-1

[Event "Late-Titled-Tuesday-Blitz-April-23-2024"]
[Site "Chess.com"]
[Date "2024.04.23"]
[Round "4"]
[White "NMJeevanK"]
[Black "ChadBiryani"]
[Result "1-0"]
[WhiteElo "2666"]
[BlackElo "2455"]
[TimeControl "180+1"]
[EndTime "14:40:48 PDT"]
[Termination "NMJeevanK won by resignation"]

1. e4 d6 2. d4 Nf6 3. Nc3 e5 4. Nf3 Nbd7 5. Rg1 exd4 6. Qxd4 g6 7. Bg5 Bg7 8. O-O-O O-O 9. Qd2 a6 10. h4 b5 11. h5 b4 12. Nd5 Nxe4 13. Bxd8 Nxd2 14. Nxd2 Rxd8 15. hxg6 hxg6 16. Nxc7 Ra7 17. Nd5 Ne5 18. f4 Ng4 19. Be2 a5 20. Rde1 Be6 21. Bf3 Rc8 22. Rxe6 fxe6 23. Bxg4 Re8 24. Re1 e5 25. Nc4 Rd8 26.
Be6+ Kf8 27. b3 a4 28. fxe5 Bxe5 29. Nxe5 dxe5 30. Rxe5 axb3 31. axb3 Ra1+ 32. Kd2 Rg1 33. Bh3 Rf1 34. Ke2 Rc1 35. Ne3 Kg7 36. Re4 Kf6 37. Rxb4 Re8 38. Kd2 Ra1 39. Rb6+ Kg5 40. Nc4 Rd8+ 41. Kc3 Kh5 42. Ne5 g5 43. Ng4 Kh4 44. Rb5 Ra2 45. Rc5 Kg3 46. Rxg5 Rc8+ 47. Kd3 Raxc2 48.
Ne3+ Kf4 49. Rg4+ Ke5 50. Re4+ 1-0

[Event "Late-Titled-Tuesday-Blitz-April-23-2024"]
[Site "Chess.com"]
[Date "2024.04.23"]
[Round "4"]
[White "MaiqMaster"]
[Black "LikeWater"]
[Result "0-1"]
[WhiteElo "2452"]
[BlackElo "2665"]
[TimeControl "180+1"]
[EndTime "14:40:48 PDT"]
[Termination "LikeWater won by checkmate"]

1. d4 Nf6 2. c4 g6 3. g3 Bg7 4. Bg2 O-O 5. Nc3 d6 6. Nf3 Nbd7 7. O-O e5 8. e4 c6 9. h3 Qa5 10. Re1 exd4 11. Nxd4 Ne5 12. Bf1 Qb6 13. Nc2 Nh5 14. Be3 Qxb2 15. Na4 Nf3+ 16. Kh1 Qf6 17. Re2 Ng5 18.
Bxg5 Qxg5 19. Rb1 Qa5 20. Ne3 f5 21. exf5 gxf5 22. Rd2 f4 23. Nd5 Bf5 24. Nac3 Bxb1 25. Nxb1 fxg3 26. Qxh5 cxd5 27. Bd3 Rf6 28. Bxh7+ Kf8 29.
fxg3 Re8 30. Kg2 Re1 31. Qg4 Qb6 32. Qc8+ Ke7 33. c5 Qxc5 34. Qxb7+ Ke6 35. Bg8+ Kf5 36. Rf2+ Kg6 37. Bf7+ Kh6 38. Rxf6+ Bxf6 39. Qb3 Qg1+ 40. Kf3 Qf1+ 41. Kg4 Re4# 0-1

[Event "Late-Titled-Tuesday-Blitz-April-23-2024"]
[Site "Chess.com"]
[Date "2024.04.23"]
[Round "4"]
[White "carloseduar100"]
[Black "Jooonaaas1996"]
[Result "0-1"]
[WhiteElo "2193"]
[BlackElo "2432"]
[TimeControl "180+1"]
[EndTime "14:40:49 PDT"]
[Termination "Jooonaaas1996 won by checkmate"]

1. e4 c5 2. Nf3 Nc6 3. d3 g6 4.
g3 Bg7 5. Bg2 e6 6. O-O Nge7 7.
c3 O-O 8. Re1 d6 9. Qe2 b6 10.
h4 Ne5 11. Nxe5 dxe5 12. Bg5 h6 13. Bd2 Ba6 14. Bf1 Qd7 15. Na3 Rad8 16. Nc4 Bxc4 17. dxc4 Qxd2 18. Qf3 Qxb2 19. Rab1 Qa3 20. g4 Rd2 21.
Re2 Rxe2 22. Qxe2 Qxc3 23. Rb3 Qa5 24. Qb2 Nc6 25. Ra3 Qe1 26. Re3 Qd1 27. f3 Nd4 28.
Kg2 Rd8 29. Rd3 Qa4 30. Ra3 Qb4 31. Qc1 Nc6 32. Rb3 Qd2+ 33. Qxd2 Rxd2+ 34. Kg3 Bf6 35. Ra3 Na5 36. Ra4 g5 37. hxg5 Bxg5 38. Ra3 Bf4+ 39. Kh4 Rf2 40. Bh3 Rd2 41. Kh5 Kg7 42. Kh4 Nc6 43.
Rb3 Kg6 44. Ra3 Rd4 45. Bf1 f6 46. Kh3 Rd2 47. Kh4 Bg5+ 48. Kg3 Bf4+ 49. Kh4 Rd4 50.
Kh3 Kg5 51. Ra4 Rd2 52. Bg2 Na5 53. a3 Rd1 54. Bf1 Rxf1 55. Kg2 Rb1 56. Kh3 Rb2 57.
Rxa5 Rh2# 0-1

[Event "Late-Titled-Tuesday-Blitz-April-23-2024"]
[Site "Chess.com"]
[Date "2024.04.23"]
[Round "4"]
[White "alex1531"]
[Black "Fins0905"]
[Result "0-1"]
[WhiteElo "2516"]
[BlackElo "2771"]
[TimeControl "180+1"]
[EndTime "14:40:50 PDT"]
[Termination "Fins0905 won on time"]

1. d4 g6 2. e4 Bg7 3. Nc3 d6 4. Bg5 c6 5. Qd2 b5 6. h4 h6 7.
Be3 Nf6 8. f3 b4 9. Nce2 a5 10.
Nf4 Nbd7 11. Bc4 Nb6 12. Bd3 e5 13. dxe5 dxe5 14. Nfe2 Be6 15. Nh3 Nc4 16. Bxc4 Qxd2+ 17. Bxd2 Bxc4 18. Nc1 Nh5 19. Kf2 O-O 20. Nb3 Rfd8 21. Be3 a4 22. Nc5 Nf4 23. b3 Bb5 24. Rad1 Nxh3+ 25. gxh3 Rxd1 26. Rxd1 Bf8 27. Nd7 axb3 28. axb3 Be7 29. Nxe5 Bxh4+ 30. Kg2 Bf6 31. Ng4 Bc3 32.
Nxh6+ Kg7 33. Ng4 Ra2 34. Bd4+ Bxd4 35. Rxd4 Rxc2+ 36. Kg3 c5 37. Rd5 Rc3 38. Ne5 Kf6 39. Kf4 Ke6 40. Ng4 f6 41. h4 Bc6 42. Rd8 Rxb3 43. Rf8 Ke7 44. Rxf6 Bd7 45. Rxg6 Rc3 46. Ne5 Be6 47. Rg7+ Kf8 48. Rg6 Ke7 49. Rg7+ Kd6 50. h5 b3 51. h6 b2 52. Rb7 Bb3 0-1

[Event "Late-Titled-Tuesday-Blitz-April-23-2024"]
[Site "Chess.com"]
[Date "2024.04.23"]
[Round "4"]
[White "MeisterJabo"]
[Black "rhwr"]
[Result "0-1"]
[WhiteElo "2490"]
[BlackElo "2310"]
[TimeControl "180+1"]
[EndTime "14:40:50 PDT"]
[Termination "rhwr won on time"]

1. c4 e5 2. g3 Nc6 3. Bg2 Nf6 4. Nc3 g6 5. Rb1 a5 6. a3 Qe7 7. e3 Bg7 8. Nge2 O-O 9. O-O e4 10. d3 exd3 11. Qxd3 Ne5 12. Qc2 c6 13. b3 d6 14.
Bb2 Bf5 15. e4 Be6 16. Nd4 Bd7 17. Rbd1 Rfd8 18. h3 g5 19. Rd2 g4 20. hxg4 Nfxg4 21. f4 Ne3 22. Qc1 Nxf1 23. Qxf1 Ng4 24. Qf3 Qf6 25.
Bh3 Qg6 26. f5 Ne5 27. fxg6 Nxf3+ 28. Nxf3 Bxh3 29. gxf7+ Kf8 30. Ng5 Bg4 31. Rf2 Bd4 32. Nxh7+ Kg7 33. f8=Q+ Rxf8 34. Nxf8 Rxf8 35. Nd1 Bxb2 36.
Nxb2 Rxf2 37. Kxf2 Kf6 38. Ke3 Ke6 39. Kf4 Be2 40.
b4 axb4 41. axb4 d5 42. exd5+ cxd5 43. c5 Kf6 44. Ke3 Bb5 45. Kd4 Ke6 46. Nd3 Bc6 47. Nf4+ Kf5 48. Nxd5 Kg4 0-1

[Event "Late-Titled-Tuesday-Blitz-April-23-2024"]
[Site "Chess.com"]
[Date "2024.04.23"]
[Round "4"]
[White "WindWhistler11"]
[Black "Chessdude1987"]
[Result "1-0"]
[WhiteElo "2539"]
[BlackElo "2367"]
[TimeControl "180+1"]
[EndTime "14:40:51 PDT"]
[Termination "WindWhistler11 won on time"]

1. Nf3 Nf6 2. g3 g6 3. Bg2 Bg7 4.
O-O O-O 5. c4 d6 6. Nc3 e5 7.
Rb1 a5 8. a3 Nc6 9. b4 axb4 10.
axb4 Be6 11. d3 h6 12. Nd2 Qd7 13. b5 Nd8 14. Bb2 Bh3 15. Qb3 Bxg2 16. Kxg2 Nh5 17. Nd5 Kh7 18. Ra1 Rxa1 19. Rxa1 c6 20. Nb6 Qg4 21.
e3 Ne6 22. f3 Qg5 23. Nf1 f5 24. Ra7 f4 25. Rxb7 Nc5 26. Rxg7+ Nxg7 27. Qd1 cxb5 28. exf4 exf4 29. d4 Nce6 30. d5 Nc7 31. Nd7 Rf7 32. Nb6 Nf5 33. c5 fxg3 34. hxg3 Nh4+ 35. Kh3 Nxf3 36. Kg2 Nh4+ 37. Kg1 Nf3+ 38. Kg2 dxc5 39. d6 Ne6 40. Qe2 Ned4 41. Qe4 Nh4+ 42. Qxh4 1-0

[Event "Late-Titled-Tuesday-Blitz-April-23-2024"]
[Site "Chess.com"]
[Date "2024.04.23"]
[Round "4"]
[White "mishanick"]
[Black "Fandorine"]
[Result "1/2-1/2"]
[WhiteElo "3155"]
[BlackElo "2935"]
[TimeControl "180+1"]
[EndTime "14:40:52 PDT"]
[Termination "Game drawn by repetition"]

1. d4 d5 2. c4 e6 3. Nc3 Nf6 4. Bg5 Be7 5. e3 O-O 6. Qc2 Ne4 7. Bxe7 Qxe7 8. cxd5 Nxc3 9. bxc3 exd5 10. Bd3 h6 11. Ne2 Nd7 12. O-O Nf6 13. c4 dxc4 14. Qxc4 Rd8 15. Rfc1 c6 16. a4 Be6 17. Qc2 Nd5 18. Qb2 Nb4 19. Be4 a5 20. Nf4 Rac8 21.
Rc5 Bd5 22. Bxd5 cxd5 23. Rxa5 Rc2 24. Qb3 Qc7 25. Rc5 Rxc5 26. dxc5 Qxc5 27. Ne2 Qc4 28. Qb2 Nc6 29. h3 d4 30. exd4 Nxd4 31. Ng3 Qd5 32. Re1 Qb3 33. Qa1 Nc2 34. Qb1 Qxa4 35. Re7 Qb4 36. Qxb4 Nxb4 37. Rxb7 Nd5 38. Nf5 Nf6 39.
g4 Kf8 40. Rb6 Ng8 41. Kg2 Ne7 42. Ne3 Nd5 43. Nxd5 Rxd5 44. Ra6 Kg8 45. Rb6 Kh7 46. Ra6 g5 47. Ra7 Kg7 48. Ra6 Re5 49. Ra7 Rd5 50.
Ra6 Re5 51. Ra7 Rd5 1/2-1/2

[Event "Late-Titled-Tuesday-Blitz-April-23-2024"]
[Site "Chess.com"]
[Date "2024.04.23"]
[Round "4"]
[White "ColorsTrilogy"]
[Black "Fh2411"]
[Result "1-0"]
[WhiteElo "2404"]
[BlackElo "2547"]
[TimeControl "180+1"]
[EndTime "14:40:53 PDT"]
[Termination "ColorsTrilogy won on time"]

1. e4 c6 2. d4 d5 3. Nc3 dxe4 4. Nxe4 Nf6 5. Ng3 Bg4 6. Qd3 e6 7. h3 Bh5 8. Nxh5 Nxh5 9. Be2 Nf6 10. Nf3 Nbd7 11. Bg5 Be7 12. O-O-O Nd5 13. Bd2 Qc7 14. g3 b5 15. Kb1 O-O 16. h4 a5 17. h5 h6 18. g4 Nf4 19. Qe4 Nxe2 20. Qxe2 Bb4 21.
Be3 Bd6 22. g5 Bf4 23. gxh6 gxh6 24. Ne5 Bxe3 25. Qxe3 Kh7 26. Ng4 Rh8 27. Qxh6+ Kg8 28. Qg5+ Kf8 29. h6 Rh7 30. Rhg1 Qd8 31. Qf4 Ke7 32.
Ne5 Nxe5 33. dxe5 Qh8 34. Qg5+ Ke8 35. Rd6 Rxh6 36. Rgd1 f6 37. exf6 Qxf6 38. Qg8+ Qf8 39. Rd8+ Rxd8 40. Rxd8+ 1-0

[Event "Late-Titled-Tuesday-Blitz-April-23-2024"]
[Site "Chess.com"]
[Date "2024.04.23"]
[Round "4"]
[White "GMAkobianSTL"]
[Black "RobertJFischer71"]
[Result "0-1"]
[WhiteElo "2801"]
[BlackElo "2610"]
[TimeControl "180+1"]
[EndTime "14:40:55 PDT"]
[Termination "RobertJFischer71 won by resignation"]

1. d4 d5 2. c4 c6 3. cxd5 cxd5 4. Nf3 Nf6 5. Nc3 Nc6 6. Bf4 a6 7. Rc1 Bf5 8. e3 Rc8 9. Ne5 h6 10. Be2 e6 11. Qb3 Nxe5 12. Bxe5 b5 13. O-O Be7 14. Nxb5 axb5 15. Bxb5+ Nd7 16. Qa4 Rxc1 17. Rxc1 f6 18.
Bg3 e5 19. dxe5 O-O 20. exf6 Nxf6 21. h3 Bd6 22. Bxd6 Qxd6 23. Qd4 Bd7 24. Bd3 Rb8 25. a3 Qb6 26. Qxb6 Rxb6 27. b4 Kf7 28. b5 Rb7 29. a4 Ke7 30. f3 Kd6 31. Kf2 Ra7 32. Ra1 Kc5 33. g4 Ne8 34. Rc1+ Kb6 35. Ra1 Nd6 36. Kg3 Bxb5 37. Bxb5 Nxb5 38. Kf4 Nc3 39. a5+ Rxa5 40.
Rxa5 Kxa5 41. Ke5 Kb4 42. f4 Kc5 43. f5 Ne4 44. h4 Nd6 45. g5 hxg5 46. hxg5 Nf7+ 47.
Kf4 Kd6 48. e4 d4 49. f6 g6 50. Kg4 Ke5 51. Kh4 Kxe4 0-1

[Event "Late-Titled-Tuesday-Blitz-April-23-2024"]
[Site "Chess.com"]
[Date "2024.04.23"]
[Round "4"]
[White "TigrVShlyape"]
[Black "MarcoRiehle"]
[Result "1/2-1/2"]
[WhiteElo "3018"]
[BlackElo "2800"]
[TimeControl "180+1"]
[EndTime "14:40:56 PDT"]
[Termination "Game drawn by repetition"]

1. e4 e5 2. Nf3 Nf6 3. Nxe5 Nxe4 4. Qe2 Qe7 5. Qxe4 d6 6. d4 dxe5 7. dxe5 Nc6 8. Nc3 Qxe5 9. Qxe5+ Nxe5 10. Nb5 Bb4+ 11. c3 Ba5 12. Bf4 f6 13. Bxe5 fxe5 14. Na3 c6 15. Nc4 Bc7 16. Bd3 Be6 17. Ne3 Rd8 18.
Ke2 Ke7 19. Bc4 Bb6 20. Bxe6 Bxe3 21. Kxe3 Kxe6 22. Rhd1 b5 23. Rxd8 Rxd8 24. a4 b4 25. Rc1 b3 26. a5 Rd5 27. Ra1 c5 28. Ra3 c4 29. Ra4 Rc5 30. Ke4 Kd6 31. a6 g6 32.
h4 Rd5 33. Rxc4 Rd2 34. Ke3 Rxb2 35. Rb4 Ra2 36. Rxb3 Rxa6 37. Rb7 h5 38. g3 Ke6 39.
c4 Ra3+ 40. Ke4 Ra2 41. f3 Re2+ 42. Kd3 Rf2 43. Ke3 Rc2 44. Rxa7 Rxc4 45. Ra6+ Kf7 46. Rd6 Rb4 47. Rc6 Ra4 48. Rb6 Rc4 49. Kd3 Ra4 50. Ke3 Rc4 51. Kd3 Ra4 52. Ke3 1/2-1/2

[Event "Late-Titled-Tuesday-Blitz-April-23-2024"]
[Site "Chess.com"]
[Date "2024.04.23"]
[Round "4"]
[White "teresin05"]
[Black "jup1978"]
[Result "0-1"]
[WhiteElo "2315"]
[BlackElo "2499"]
[TimeControl "180+1"]
[EndTime "14:40:56 PDT"]
[Termination "jup1978 won by resignation"]

1. e4 d5 2. exd5 Qxd5 3. Nc3 Qd8 4. d4 Nf6 5. Nf3 g6 6. Bf4 Bg7 7. Qd2 O-O 8. O-O-O Bg4 9. Be2 Nc6 10. h3 Bxf3 11. Bxf3 e6 12. h4 Nd5 13. Nxd5 exd5 14. c3 Na5 15. h5 Nc4 16. Qd3 c6 17. hxg6 fxg6 18. Bh6 Qd6 19. Bxg7 Kxg7 20. Kb1 Rae8 21. Rde1 Qf4 22.
Kc2 Nd6 23. Qd2 Qf5+ 24. Kc1 Nc4 25. Qh6+ Kf6 26. Qh4+ Qg5+ 27. Qxg5+ Kxg5 28. Rxe8 Rxe8 29. Rxh7 Nd6 30. Rd7 Re6 31. Kc2 a5 32. Kd3 b5 33.
b3 a4 34. Rc7 axb3 35. axb3 Nf5 36. c4 bxc4+ 37. bxc4 dxc4+ 38. Kxc4 Rd6 39. Rxc6 Rxd4+ 40. Kc3 Ra4 41. Rc5 Kf6 42. Kd3 Ra3+ 43. Ke2 Nd4+ 44. Ke1 Ra1+ 45. Kd2 Nb3+ 46. Ke3 Nxc5 47. Kf4 Ne6+ 48.
Kg3 Ra3 49. Kh2 g5 50. Bg4 Nf4 51. Kg1 Ra2 52. Kh2 Rxf2 53. Kg3 Rxg2+ 54. Kf3 Ra2 55. Kg3 Ra3+ 56. Kf2 Ke5 57. Kg1 Ra2 58. Kf1 Nd5 59.
Bf3 Ne3+ 60. Kg1 Kf4 61. Bc6 Kg3 62. Bg2 Ra1+ 0-1

[Event "Late-Titled-Tuesday-Blitz-April-23-2024"]
[Site "Chess.com"]
[Date "2024.04.23"]
[Round "4"]
[White "vladoboch"]
[Black "Viktoker"]
[Result "1-0"]
[WhiteElo "2514"]
[BlackElo "2341"]
[TimeControl "180+1"]
[EndTime "14:40:58 PDT"]
[Termination "vladoboch won by resignation"]

1. h4 e5 2. h5 Nc6 3. e4 Bc5 4. Nc3 d6 5. d3 h6 6. Be2 Nf6 7.
Be3 Bb6 8. Qd2 Be6 9. O-O-O d5 10. exd5 Nxd5 11. Nxd5 Qxd5 12. c4 Qd6 13. Nf3 Bd4 14.
Nxd4 Nxd4 15. Bxd4 Qxd4 16. Bf3 O-O-O 17. Rhe1 f6 18. Qb4 Qb6 19. Qxb6 axb6 20. d4 Bxc4 21. b3 Bd5 22. dxe5 Bxf3 23. gxf3 Rxd1+ 24. Kxd1 Rd8+ 25. Kc2 fxe5 26. Rxe5 Rf8 27. Re3 Rf5 28. Re7 Rxf3 29. Rxg7 Rxf2+ 30. Kc3 Rf5 31. Rg8+ Kd7 32. Rg7+ Kd8 33.
Rg8+ Kd7 34. Rg7+ Kd8 35. Rg8+ Ke7 36. Rg7+ Kd6 37. Rg6+ Kc5 38. Rxh6 Rf3+ 39. Kb2 Rh3 40. Rh8 Kb4 41. a3+ Kb5 42. h6 c5 43. h7 Rh2+ 44.
Kc3 Rh3+ 45. Kd2 Rh2+ 46. Ke3 Rh4 47. Kf3 Rh3+ 48. Kg4 Rh1 49. Kf5 Rh2 50. Kg6 c4 51. bxc4+ Kxc4 52. Rc8+ Kb3 53. h8=Q Rxh8 54. Rxh8 Kxa3 55.
Kf5 b5 56. Ke4 b4 57. Kd3 b3 58. Kc3 Ka2 59. Ra8+ Kb1 60. Kxb3 1-0

[Event "Late-Titled-Tuesday-Blitz-April-23-2024"]
[Site "Chess.com"]
[Date "2024.04.23"]
[Round "4"]
[White "JoakimVonAnd"]
[Black "Nicolik"]
[Result "1-0"]
[WhiteElo "2695"]
[BlackElo "2511"]
[TimeControl "180+1"]
[EndTime "14:40:59 PDT"]
[Termination "JoakimVonAnd won by resignation"]

1. d4 d5 2. Nf3 Nc6 3. Bf4 f6 4.
e3 Bg4 5. Be2 g5 6. Bg3 h5 7. h4 Bxf3 8. Bxf3 g4 9. Be2 e5 10.
O-O Bd6 11. dxe5 Bxe5 12. Nc3 Nge7 13. Bxe5 Nxe5 14. Qd4 c6 15. Rad1 Qb6 16. Qf4 Kf7 17. f3 N7g6 18. Qd4 gxf3 19. Bxf3 Qxd4 20. Rxd4 Nxf3+ 21. gxf3 Ne5 22. Kf2 Rhg8 23. Ne2 Rg7 24. Rg1 Rxg1 25. Nxg1 Ke6 26. Ne2 Ng6 27. Ng3 c5 28.
Ra4 a5 29. Nxh5 b5 30. Rg4 Ne5 31. Rg7 b4 32. Nf4+ Kd6 33. h5 Rh8 34. Ra7 Nc6 35. Rf7 Rh6 36. Kg3 a4 37. Rb7 c4 38. Rb5 b3 39. axb3 c3 40. bxa4 cxb2 41. Rxb2 Rh8 42.
Rb5 d4 43. exd4 f5 44. Rxf5 Rg8+ 45. Kf2 Ke7 46. c3 Rb8 47. Rb5 Ra8 48. h6 Rxa4 49. h7 Ra2+ 50. Kg3 Nxd4 51. cxd4 1-0

[Event "Late-Titled-Tuesday-Blitz-April-23-2024"]
[Site "Chess.com"]
[Date "2024.04.23"]
[Round "4"]
[White "juancruzarias"]
[Black "Akhayan"]
[Result "1-0"]
[WhiteElo "2637"]
[BlackElo "2414"]
[TimeControl "180+1"]
[EndTime "14:40:59 PDT"]
[Termination "juancruzarias won on time"]

1. d4 Nf6 2. c4 g6 3. Nc3 d5 4.
Nf3 Bg7 5. cxd5 Nxd5 6. e4 Nxc3 7. bxc3 O-O 8. Be3 c5 9. Qd2 Qa5 10. Be2 Rd8 11. h3 cxd4 12. cxd4 Qxd2+ 13. Kxd2 Nc6 14. d5 Bxa1 15. Rxa1 Na5 16. Kc3 b6 17. Kb4 Bb7 18.
Nd4 Rac8 19. f3 Rc5 20. Nb3 Nxb3 21. axb3 Ra5 22. Rxa5 bxa5+ 23. Kxa5 e6 24. Bg5 Rc8 25. d6 Bc6 26. Bb5 Bxb5 27. Kxb5 f6 28. Bxf6 Kf7 29. d7 Rb8+ 30. Kc6 Kxf6 31. Kc7 Rg8 32. d8=Q+ Rxd8 33. Kxd8 Ke5 34. Ke7 a5 35. g3 Kd4 36.
Kxe6 Kc3 37. Kf7 Kxb3 38. e5 a4 39. e6 a3 40. e7 a2 41. e8=Q a1=Q 42. Qe6+ Kc2 43.
Qe4+ Kd2 44. Kg8 Qa7 45. h4 Kd1 46. g4 Kd2 47. g5 Kd1 48. f4 Kd2 49. f5 gxf5 50.
Qxf5 Kd1 51. Qxh7 Qb8+ 52. Kg7 Qc7+ 53. Kh6 Qd6+ 54. Qg6 Qf4 55. h5 Qf8+ 56. Qg7 Qd6+ 57. Qf6 Qd2 58. Kg7 Qd7+ 59. Kg6 Qd3+ 60. Kh6 Qd2 61.
Qe5 Kc1 62. Qf5 Kd1 63. Kh7 1-0

[Event "Late-Titled-Tuesday-Blitz-April-23-2024"]
[Site "Chess.com"]
[Date "2024.04.23"]
[Round "4"]
[White "Cluke86"]
[Black "ricaurtelopezj1955"]
[Result "1-0"]
[WhiteElo "2321"]
[BlackElo "2146"]
[TimeControl "180+1"]
[EndTime "14:40:59 PDT"]
[Termination "Cluke86 won on time"]

1. e4 e5 2. Nf3 Nc6 3. d4 exd4 4. Bc4 Bc5 5. c3 d3 6. b4 Bb6 7. Qb3 Qe7 8. O-O d6 9. Bg5 Nf6 10. a4 a6 11. Re1 O-O 12. Nbd2 Be6 13. Rad1 h6 14.
Bh4 g5 15. Bg3 Nh5 16. Nf1 Rae8 17. Bd5 Qf6 18. Ne3 Nxg3 19. hxg3 Ne5 20. Nd4 Bc8 21.
Ndf5 c6 22. Bc4 Bxf5 23. Nxf5 Ng4 24. Rf1 Rxe4 25. Bxd3 Qxf5 26. Qc2 d5 27. c4 Ne5 28. Bxe4 dxe4 29. c5 Bc7 30. Rfe1 Nd3 31. Re2 Qe5 32. Qd2 f5 33. Qa2+ Qd5 34. Qd2 Qd4 35. Qa2+ Kg7 36.
Qe6 Qd5 37. Qe7+ Rf7 38. Qe8 Qd7 39. Qa8 Be5 40. Red2 Bc3 41. Re2 Bxb4 42. Qb8 Bxc5 43. Kf1 Kh7 44. g4 fxg4 45. g3 Qd6 46. Qe8 Qf6 47. Qxe4+ 1-0

[Event "Late-Titled-Tuesday-Blitz-April-23-2024"]
[Site "Chess.com"]
[Date "2024.04.23"]
[Round "4"]
[White "lamomiajunior"]
[Black "Itay121"]
[Result "1-0"]
[WhiteElo "2743"]
[BlackElo "2548"]
[TimeControl "180+1"]
[EndTime "14:41:00 PDT"]
[Termination "lamomiajunior won by checkmate"]

1. d4 Nf6 2. Nc3 d5 3. Bf4 a6 4. e3 e6 5. g4 Bb4 6. Ne2 O-O 7. a3 Bd6 8. g5 Ne4 9. Nxe4 dxe4 10. h4 Nc6 11.
Bg2 Bxf4 12. Nxf4 e5 13. dxe5 Nxe5 14. Qxd8 Rxd8 15. Bxe4 Bg4 16. Nd3 Nf3+ 17. Bxf3 Bxf3 18. Rg1 Rd6 19. Rg3 Be4 20. Ke2 Rad8 21. Rd1 a5 22. f3 Bd5 23. e4 Bc4 24. b3 Ba6 25.
Rgg1 a4 26. bxa4 Rc6 27. Ke3 Rxc2 28. Nb4 Rc3+ 29. Kf4 Rd6 30. Nd5 Rxa3 31. Nxc7 Rdd3 32. Rxd3 Bxd3 33. Rd1 h6 34. gxh6 gxh6 35. Ke5 Kg7 36. Ne8+ Kf8 37. Nf6 Ke7 38. f4 b5 39. axb5 Bxb5 40.
Rb1 Ra5 41. Nd5+ Kf8 42. Kf6 Ra6+ 43. Ke5 Be8 44. Rb8 Ra5 45. f5 Ra7 46. Kf4 Kg7 47. Rxe8 Ra1 48. f6+ Kh7 49. Rf8 Kg6 50. Rg8+ Kh5 51.
Ke5 Ra6 52. Rg7 Re6+ 53. Kf5 Re5+ 54. Kxe5 Kxh4 55. Rxf7 Kh5 56. Rg7 Kh4 57. f7 Kh5 58. f8=Q Kh4 59. Qf4+ Kh5 60. Qg4# 1-0

[Event "Late-Titled-Tuesday-Blitz-April-23-2024"]
[Site "Chess.com"]
[Date "2024.04.23"]
[Round "4"]
[White "nindjaxx8"]
[Black "prochn"]
[Result "0-1"]
[WhiteElo "2644"]
[BlackElo "2469"]
[TimeControl "180+1"]
[EndTime "14:41:00 PDT"]
[Termination "prochn won by checkmate"]

1. d4 d5 2. c4 c6 3. Nc3 Nf6 4. cxd5 cxd5 5. Bf4 Nc6 6. e3 a6 7. Nf3 Bf5 8. Bd3 Bxd3 9. Qxd3 e6 10. O-O Bd6 11.
Bg5 Be7 12. Rac1 O-O 13. Na4 Ne4 14. Bxe7 Qxe7 15. Nc5 Nxc5 16. Rxc5 Rac8 17. Rfc1 Na7 18. Qb3 Rxc5 19. Rxc5 Rc8 20. Qb6 Rxc5 21. dxc5 Nc8 22. Qa5 f6 23. Nd4 Qd7 24. c6 bxc6 25. Qxa6 Ne7 26. Qb6 e5 27. Nb3 Qf5 28. h3 Qb1+ 29. Kh2 Qxb2 30. Qa7 Kf7 31. Na5 Qxa2 32. Qc7 Qc2 33.
Nb7 d4 34. exd4 exd4 35. Nd6+ Ke6 36. Ne8 Qe4 37. Qd8 Qe5+ 38. Kh1 Kf7 39. Nc7 Kg6 40.
Qd7 Nf5 41. Ne8 Qe1+ 42. Kh2 Qxf2 43. Nc7 Qf4+ 44. Kh1 Ng3+ 45. Kg1 Ne2+ 46. Kh1 Qf1+ 47. Kh2 Qg1# 0-1

[Event "Late-Titled-Tuesday-Blitz-April-23-2024"]
[Site "Chess.com"]
[Date "2024.04.23"]
[Round "4"]
[White "Mikayel99"]
[Black "Hirna2005"]
[Result "1-0"]
[WhiteElo "2578"]
[BlackElo "2338"]
[TimeControl "180+1"]
[EndTime "14:41:00 PDT"]
[Termination "Mikayel99 won on time"]

1. d4 g6 2. h4 h5 3. Nf3 d6 4. e4 Bg4 5. Be2 Nc6 6. d5 Nb8 7. Be3 Bg7 8. Bd4 Nf6 9. Nbd2 c5 10. dxc6 Nxc6 11. Bc3 Rc8 12. O-O O-O 13. Ng5 Bxe2 14.
Qxe2 Qd7 15. Rad1 Qg4 16. Qxg4 Nxg4 17. Bxg7 Kxg7 18. c3 Nce5 19. Nb3 Nc4 20. Rb1 b5 21. Rfd1 a5 22. Nd2 Nxd2 23. Rxd2 Rc4 24. f3 Ne5 25. Rd5 Rb8 26. Nh3 b4 27. cxb4 Rcxb4 28. Rxa5 Rxb2 29. Rxb2 Rxb2 30. Ra7 e6 31. a4 Ra2 32. a5 Nc6 33. Rc7 Nxa5 34. Ng5 Nb3 35.
Nxe6+ Kf6 36. Ng5 Ke5 37. Rxf7 Nd2 38. Kh2 Nf1+ 39. Kh3 Ne3 40. Re7+ Kd4 41. Ne6+ Kc3 42. Nf4 Ra1 43. Nxg6 Rg1 44. Kg3 Rxg2+ 45. Kf4 Rxg6 46. Kxe3 Kc4 47. Rh7 d5 48. Rxh5 d4+ 49. Kf4 d3 50.
Rd5 Rg2 51. Ke3 Re2+ 52. Kf4 d2 53. h5 Kc3 54. Kg5 Rg2+ 55. Kf6 Rh2 56. e5 1-0